 Dungeon Crawl Stone Soup version 0.23.2-40-g277498a001 (webtiles) character file.

Game seed: 1649362692654640677

136 BeastOfSaturn the Covered (level 4, -2/35 HPs)
             Began as a Demonspawn Fighter on Oct 9, 2019.
             Slain by an ogre
             ... wielding a +0 giant club
              (21 damage)
             ... on level 3 of the Dungeon.
             The game lasted 00:15:34 (2964 turns).

BeastOfSaturn the Covered (Demonspawn Fighter)      Turns: 2964, Time: 00:15:35

Health: -2/35      AC:  8    Str: 17    XL:     4   Next: 98%
Magic:  4/4        EV:  7    Int: 10    God:
Gold:   124        SH:  9    Dex: 12    Spells: 3/3 levels left

rFire    . . .     SeeInvis .   a - +0 long sword
rCold    . . .     Gourm    .   c - +0 shield
rNeg     . . .     Faith    .   l - +0 scale mail
rPois    .         Spirit   .   m - +0 helmet
rElec    .         Reflect  .   (no cloak)
rCorr    .         Harm     .   (no gloves)
MR       .....                  (no boots)
Stlth    ..........             (no amulet)
HPRegen  0.11/turn              (no ring)
MPRegen  0.09/turn              (no ring)

@: no status effects
A: powered by death 2
a: no special abilities


You were on level 3 of the Dungeon.
You were not hungry.

You visited 1 branch of the dungeon, and saw 4 of its levels.

You collected 124 gold pieces.

Inventory:

Hand Weapons
 a - a +0 long sword (weapon)
 b - a +0 hunting sling
 s - a +4 spear
Missiles
 k - 52 sling bullets
Armour
 c - a +0 shield (worn)
 l - a +0 scale mail (worn)
 m - a +0 helmet (worn)
Scrolls
 e - a scroll of remove curse
 g - a scroll of teleportation {unknown}
 h - a scroll of magic mapping {unknown}
 n - a scroll of identify
 o - a scroll of fog {unknown}
 t - a scroll of amnesia {unknown}
Potions
 d - a potion of might
 f - a potion of ambrosia
 i - 5 potions of curing
 j - a potion of heal wounds {unknown}
 p - a potion of flight {unknown}
 r - 2 potions of lignification {unknown}
 u - a potion of agility {unknown}
Comestibles
 q - 2 rations


   Skills:
 - Level 3.0 Fighting
 * Level 3.4 Long Blades
 + Level 0.8 Slings
 * Level 3.6 Armour
 + Level 0.2 Dodging
 + Level 3.2 Shields


You had 3 spell levels left.
You didn't know any spells.
Your spell library was empty.

Dungeon Overview and Level Annotations

Branches:
Dungeon (4/15)
 Temple: D:4-7

Altars:
Gozag
Nemelex Xobeh


Innate Abilities, Weirdness & Mutations

You regenerate health from kills.


Message History

u - a dark potion You see here a hunting sling.
As you open the door, it creaks loudly!
There is an open door here.
There is an open door here.
An ogre comes into view. It is wielding a +0 giant club.
The ogre shouts!
You see here 5 javelins.
You barely miss the ogre. The ogre hits you with a +0 giant club!
You barely miss the ogre. The ogre hits you with a +0 giant club!
There is a stone staircase leading up here.
The ogre closely misses you.
You climb upwards.
There is a stone staircase leading down here.
Things that are here:
a +0 chain mail; a cursed ring of teleportation; a +0 ring mail
There is a stone staircase leading up here.
The ogre hits you with a +0 giant club!!
Ouch! That really hurt!
You die...

#........###'####........
#.#.....##.....#####.####
#.......''.........#.#...
#.......##.........#.#.##
#..#..........>..........
#..#.#.##...##.....#.####
#..#.....................
#..###.#...).#####.#.#.##
#......O@............#.##
####......#...#.#####.###.##
#####........##...........###'##
#...'.....<..+....#.######....##
#.###........####.#......+....#.
#.# #######.......########....#.
#.# #####'####### #....#. #.#
#........# #....#. #.#
#........# #....#.


You could see an ogre.

Vanquished Creatures
  Robin (D:3)
  4 adders
  A worm (D:3)
  A dart slug (D:3)
  A leopard gecko (D:1)
  4 orcs (D:3)
  2 giant cockroaches (D:3)
  9 goblins
  17 hobgoblins
  6 jackals (D:3)
  2 quokkas
  8 bats
  4 frilled lizards
  10 kobolds
  4 rats
74 creatures vanquished.

Notes
Turn   | Place    | Note
-------+----------+-------------------------------------------
     0 | D:1      | BeastOfSaturn the Demonspawn Fighter began the quest for
                  | the Orb.
     0 | D:1      | Reached XP level 1. HP: 18/18 MP: 1/1
   310 | D:1      | Gained mutation: You regenerate a little health from kills.
                  | [demonic ancestry]
   310 | D:1      | Reached XP level 2. HP: 20/24 MP: 2/2
  1072 | D:2      | Reached XP level 3. HP: 27/29 MP: 3/3
  1376 | D:3      | Noticed Robin
  1464 | D:3      | Gained mutation: You regenerate health from kills. [demonic
                  | ancestry]
  1464 | D:3      | Reached XP level 4. HP: 20/35 MP: 4/4
  1695 | D:3      | Killed Robin
  2332 | D:3      | Found a sparkling altar of Nemelex Xobeh.
  2333 | D:3      | Found an opulent altar of Gozag.
  2942 | D:4      | Noticed an ogre
  2964 | D:3      | Slain by an ogre

Skill      XL: |  1  2  3  4 |
---------------+-------------+-----
Armour         | 3 |  3.6
Long Blades    | 2 3 |  3.4
Shields        | 3 |  3.2
Fighting       | |  3.0
Slings         | |  0.8
Dodging        | |  0.2

Action                   |  1- 3 |  4- 6 || total
-------------------------+-------+-------++-------
Melee: Long sword        |   161 |    72 ||   233
       Spear             |       |     7 ||     7
 Fire: Hunting sling     |       |    22 ||    22
  Use: Scroll            |     1 |     3 ||     4
  Eat: Ration            |     1 |     1 ||     2
Armor: Scale mail        |   119 |    32 ||   151
Dodge: Dodged            |    49 |    30 ||    79
Block: Shield            |    85 |    42 ||   127
       Rpst.: Long sword |    10 |     6 ||    16
